 Dungeon Crawl Stone Soup version 0.26.1-10-gdfb7c7de75 (webtiles) character file.

Game seed: 4533315399837275336

240 Chiseanne the Magician (level 5, -5/35 HPs)
             Began as a Demonspawn Hedge Wizard on Apr 11, 2021.
             Killed from afar by an orc wizard (10 damage)
             ... with a magic dart
             ... on level 3 of the Dungeon.
             The game lasted 00:06:57 (4517 turns).

Chiseanne the Magician (Demonspawn Hedge Wizard)    Turns: 4517, Time: 00:06:58

Health: -5/35      AC:  7    Str: 10    XL:     5   Next: 80%
Magic:  7/12       EV: 12    Int: 17    God:
Gold:   188        SH:  0    Dex: 12    Spells: 7/13 levels left

rFire    . . .     SeeInvis .   a - +2 short sword (protect)
rCold    . . .     Faith    .   (no shield)
rNeg     . . .     Spirit   .   b - +1 robe
rPois    .         Reflect  .   c - +0 hat
rElec    .         Harm     .   (no cloak)
rCorr    .         Rampage  .   r - +0 pair of gloves
Will     .....                  (no boots)
Stlth    ++........             (no amulet)
HPRegen  0.11/turn              (no ring)
MPRegen  0.13/turn              (no ring)

@: no status effects
A: icy blue scales 2
a: no special abilities


You were on level 3 of the Dungeon.
You visited 1 branch of the dungeon, and saw 4 of its levels.

You collected 188 gold pieces.

Inventory:

Hand Weapons
 a - a +2 short sword of protection (weapon)
 n - a +1 flail of protection
Missiles
 d - 49 sling bullets
 h - 142 stones
 i - 10 javelins
 k - 10 boomerangs
 l - 21 arrows
Armour
 b - a +1 robe (worn)
 c - a +0 hat (worn)
 r - a +0 pair of gloves (worn)
Scrolls
 f - a scroll of identify
 g - 2 scrolls of remove curse
 j - a scroll of fog
Potions
 e - a potion of curing
 o - a potion of flight {unknown}
 p - a potion of degeneration {unknown}
 s - a potion of ambrosia


   Skills:
 - Level 1.7 Dodging
 - Level 1.7 Stealth
 * Level 4.8 Spellcasting
 * Level 4.1 Conjurations
 - Level 1.0 Summonings
 - Level 0.8 Translocations
 * Level 0.0 Air Magic
 * Level 0.0 Poison Magic


You had 7 spell levels left.
You knew the following spells:

 Your Spells              Type           Power        Failure   Level
a - Magic Dart            Conj           72%          2%          1
b - Blink                 Tloc           N/A          16%         2
d - Mephitic Cloud        Conj/Pois/Air  8%           24%         3

Your spell library contained the following spells:

 Spells                   Type           Power        Failure   Level
 Call Imp                 Summ           7%           14%         2
 Conjure Flame            Conj/Fire      11%          19%         3
 Slow                     Hex            4%           22%         2


Dungeon Overview and Level Annotations

Branches:
Dungeon (4/15)
 Temple: D:4-7

Altars:
Dithmenos
Fedhas
Kikubaaqudgha


Innate Abilities, Weirdness & Mutations

You are mostly covered in icy blue scales. (AC +3)


Message History

Press: ? - help, Shift-Dir - straight line, f - you That beam is likely to hit you.
Continue anyway? [Y]es or [N]o only, please.
That beam is likely to hit you.
Continue anyway? [Y]es or [N]o only, please.
That beam is likely to hit you.
Continue anyway? [Y]es or [N]o only, please.
That beam is likely to hit you.
Continue anyway? [Y]es or [N]o only, please.
That beam is likely to hit you.
Continue anyway?
Okay, then.
Unknown command.
Unknown command.
A puff of flame appears from out of thin air!
The puff of flame hits you.
* * * LOW HITPOINT WARNING * * *
Something tries to affect you, but you resist.
A magic dart appears from out of thin air!
The magic dart hits you!
You die...

.....#.##<# #.#
####.#.#### #{#
#..#.#.# #.#
#..#.#.# #.#
...#.#.# #.#
#.##.#.#########.#
.....#.........#.#
#.########.#####.#
#...## #.##≈##@#
.....# #.##≈##.#
.....# #.#≈≈##.#
####.# #..≈≈.#.#
.....# ##.≈≈.#.#
.##### ##..≈≈.#.#
.## #.≈≈≈≈≈..##
..# #≈..≈≈≈...#
#.# #.≈.≈≈≈..##


There were no monsters in sight!

Vanquished Creatures
  A howler monkey (D:4)
  A hound (D:4)
  An orc priest (D:3)
  An iguana (D:4)
  3 adders
  3 worms
  A dart slug (D:1)
  5 leopard geckos
  3 giant cockroaches
  19 goblins
  12 hobgoblins
  4 jackals (D:1)
  6 bats
  8 frilled lizards
  7 kobolds
  4 rats (D:1)
79 creatures vanquished.

Notes
Turn   | Place    | Note
-------+----------+-------------------------------------------
     0 | D:1      | Chiseanne the Demonspawn Hedge Wizard began the quest for
                  | the Orb.
     0 | D:1      | Reached XP level 1. HP: 13/13 MP: 4/4
   421 | D:1      | Gained mutation: You are partially covered in icy blue
                  | scales. (AC +2) [demonic ancestry]
   421 | D:1      | Reached XP level 2. HP: 19/19 MP: 0/6
   944 | D:1      | Reached XP level 3. HP: 24/24 MP: 0/8
  1716 | D:2      | Found a shadowy altar of Dithmenos.
  1968 | D:2      | Gained mutation: You are mostly covered in icy blue scales.
                  | (AC +3) [demonic ancestry]
  1968 | D:2      | Reached XP level 4. HP: 30/30 MP: 6/9
  2340 | D:2      | Found an ancient bone altar of Kikubaaqudgha.
  2430 | D:2      | Found a blossoming altar of Fedhas.
  4034 | D:4      | Reached XP level 5. HP: 35/35 MP: 6/11
  4363 | D:2      | Learned a level 2 spell: Blink
  4367 | D:2      | Learned a level 3 spell: Mephitic Cloud
  4367 | D:2      | Chiseanne: your developement sucks bif balls
  4367 | D:2      | Chiseanne: big
  4517 | D:3      | Killed from afar by an orc wizard

Illustrated notes

Levels and vault maps discovered:
D:1:      dpeg_arrival_subterranean_lakeside_camping, layout_basic,
          minmay_close_crescents
D:2:      layout_loops_ring, grunt_temple_overflow_growth_and_decay,
          nicolae_dithmenos_through_a_glass_darkly
D:3:      layout_basic, serial_rivers, chequers_serial_rivers_small_3,
          chequers_serial_rivers_large_b, chequers_serial_rivers_micro_a,
          chequers_serial_rivers_marsh, chequers_serial_rivers_room_a
D:4:      layout_basic, serial_shops, nicolae_shop_waterfront, uniq_pikel,
          uniq_blork_the_orc

Skill      XL: |  1  2  3  4  5 |
---------------+----------------+-----
Conjurations   | 2 3 4 |  4.1
Spellcasting   | 4 |  4.8
Dodging        | |  1.7
Stealth        | |  1.7
Summonings     | |  1.0
Translocations | |  0.8

Action                   |  1- 3 |  4- 6 || total
-------------------------+-------+-------++-------
Melee: Dagger            |     9 |       ||     9
       Short sword       |    15 |    37 ||    52
 Cast: Magic Dart        |    97 |    92 ||   189
  Use: Scroll            |     3 |     4 ||     7
       Potion            |       |     3 ||     3
Armor: Robe              |     7 |    24 ||    31
Dodge: Dodged            |    26 |    28 ||    54
